 Dungeon Crawl Stone Soup version 0.27-a0-279-gdfb9265905 (webtiles) character file.

Game seed: 14548093011689665060

4293 tilp the Covert (level 10, -4/82 HPs)
             Began as a Gnoll Delver on Feb 7, 2021.
             Slain by a troll (8 damage)
             ... on level 9 of the Dungeon.
             The game lasted 00:18:45 (9623 turns).

tilp the Covert (Gnoll Delver)                      Turns: 9623, Time: 00:18:45

Health: -4/82      AC: 18    Str: 13    XL:     10   Next: 32%
Magic:  17/17      EV: 12    Int: 12    God:
Gold:   355        SH:  0    Dex: 13    Spells: 19/19 levels left

rFire    . . .     SeeInvis .   a - +2 halberd (flame)
rCold    . . .     Faith    .   (shield currently unavailable)
rNeg     . . .     Spirit   .   v - +0 chain mail
rPois    .         Reflect  .   f - +1 hat {Will+}
rElec    .         Harm     .   h - +0 cloak
rCorr    .         Rampage  .   x - +0 pair of gloves
Will     +....                  E - +0 pair of boots
Stlth    ++........             (no amulet)
HPRegen  0.23/turn              j - +4 ring of protection
MPRegen  0.15/turn              o - +4 ring of evasion

@: mighty
A: distributed training, fangs 1, strong nose
a: no special abilities


You were on level 9 of the Dungeon.
You visited 2 branches of the dungeon, and saw 10 of its levels.

You collected 883 gold pieces.
You spent 528 gold pieces at shops.

Inventory:

Hand Weapons
 a - a +2 halberd of flaming (weapon)
 b - a +0 whip of electrocution
 q - a +0 flail
Missiles
 t - 3 javelins
 y - 20 poisoned darts (quivered)
 J - 2 atropa-tipped darts
 K - 2 silver boomerangs
 Q - 7 boomerangs of dispersal
Armour
 f - a +1 hat of willpower (worn)
 h - a +0 cloak (worn)
 v - a +0 chain mail (worn)
 x - a +0 pair of gloves (worn)
 E - a +0 pair of boots (worn)
 G - a +2 leather armour of cold resistance
Jewellery
 j - a +4 ring of protection (left hand)
 o - a +4 ring of evasion (right hand)
 r - an uncursed ring of resist corrosion
Wands
 g - a wand of digging (3)
 z - a wand of flame (14)
 I - a wand of mindburst (22)
 M - a wand of random effects (14)
Scrolls
 c - 3 scrolls of fog
 k - a scroll of fear
 s - 11 scrolls of remove curse
 u - a scroll of amnesia
 w - a scroll of magic mapping
 F - 3 scrolls of teleportation
Potions
 e - a potion of mutation
 i - a potion of resistance
 p - a potion of heal wounds {unknown}
 B - 2 potions of attraction
 C - a potion of lignification {unknown}
 L - a potion of flight {unknown}
Miscellaneous
 O - a box of beasts


   Skills:
 + Level 8.4 Fighting
 + Level 5.1 Short Blades
 + Level 5.1 Long Blades
 + Level 5.1 Axes
 + Level 7.0 Maces & Flails
 + Level 5.1 Polearms
 + Level 5.1 Staves
 + Level 5.1 Slings
 + Level 5.1 Bows
 + Level 5.1 Crossbows
 + Level 5.1 Throwing
 + Level 5.1 Armour
 + Level 7.0 Dodging
 + Level 10.8 Stealth
 + Level 5.1 Shields
 + Level 5.1 Unarmed Combat
 + Level 5.1 Spellcasting
 + Level 4.2 Conjurations
 + Level 4.2 Hexes
 + Level 4.2 Summonings
 + Level 4.2 Necromancy
 + Level 4.2 Translocations
 + Level 4.2 Transmutations
 + Level 4.2 Fire Magic
 + Level 4.2 Ice Magic
 + Level 4.2 Air Magic
 + Level 4.2 Earth Magic
 + Level 4.2 Poison Magic
 + Level 5.6 Invocations
 + Level 5.1 Evocations


You had 19 spell levels left.
You didn't know any spells.
Your spell library contained the following spells:

 Spells                   Type           Power        Failure   Level
 Animate Skeleton         Necr           26%          65%         1
 Apportation              Tloc           26%          65%         1
 Corona                   Hex            14%          65%         1
 Summon Small Mammal      Summ           52%          65%         1


Dungeon Overview and Level Annotations

Branches:
Dungeon (9/15)             Temple (1/1) D:7
   Lair: D:8-11         Orc: D:9-12

Altars:
Ashenzari
Dithmenos
Elyvilon
Fedhas
Gozag
Hepliaklqana
Kikubaaqudgha
Makhleb
Nemelex Xobeh
Okawaru
Qazlal
Ru
Sif Muna
Uskayaw
Vehumet
Wu Jian
Xom
Yredelemnul
The Shining One

Shops:
D:7 *

Annotations:
D:7 1 runed translucent door, Crazy Yiuf, Harold


Innate Abilities, Weirdness & Mutations

Your experience applies equally to all skills.
You have very sharp teeth.
Your uncanny sense of smell can sniff out nearby items.


Message History

The troll claws you but does no damage. The troll claws you.
* * * LOW HITPOINT WARNING * * *
Unknown command.
You feel better. The troll bites you but does no damage.
The troll barely misses you. The troll claws you but does no damage.
Unknown command.
You feel better. The troll bites you but does no damage.
The troll claws you but does no damage. The troll closely misses you.
Unknown command.
You feel very mighty all of a sudden. The troll bites you!
* * * LOW HITPOINT WARNING * * *
The troll claws you but does no damage. x2
Unknown command.
You hit the troll. You burn the troll.
The troll is almost dead.
The troll completely misses you. The troll claws you!
* * * LOW HITPOINT WARNING * * *
The troll claws you!
You die...

###################
#oT@..............#
########.###############.#
.....^.......... #.#
.#######o#.####. #.# #...#
########.## ##..#
..........# #.....#
########..# ###...# ##..#
#...# ###...#


You could see a troll and an orc priest.

Vanquished Creatures
  A cyclops (D:6)
  A troll (D:8)
  Prince Ribbit (D:7)
  Grinder (D:4)
  2 orc warriors
  A water moccasin (D:4)
  A hornet zombie (D:8)
  An ice beast (D:6)
  A sky beast (D:7)
  A necrophage (D:8)
  3 ogres
  4 centaurs
  2 phantoms
  7 bullfrogs
  3 scorpions
  3 killer bees
  A howler monkey (D:3)
  A centaur zombie (D:7)
  4 hounds
  A quasit (D:8)
  2 bullfrog zombies
  A gnoll shaman (D:7)
  3 orc priests
  3 jellies
  3 iguanas
  9 orc wizards
  4 worker ants
  2 worker ant zombies
  6 gnolls
  10 adders
  2 shadow imps (D:5)
  4 white imps
  4 ufetubi
  An ooze (D:5)
  An adder skeleton (D:4)
  3 worms
  4 dart slugs
  8 leopard geckos
  33 orcs
  7 bats
  9 giant cockroaches
  7 hobgoblins
  12 jackals
  3 kobolds (D:1)
  3 quokkas
  A ball python (D:5)
  9 frilled lizards
  6 goblins
  A leopard gecko skeleton (D:6)
  2 quokka skeletons
  6 rats
209 creatures vanquished.

Notes
Turn   | Place    | Note
-------+----------+-------------------------------------------
     0 | D:5      | Reached skill level 9 in Stealth
     0 | D:5      | tilp the Gnoll Delver began the quest for the Orb.
     0 | D:5      | Reached XP level 1. HP: 23/23 MP: 1/1
     4 | D:5      | Noticed a phantom
    11 | D:5      | Noticed a water moccasin
    15 | D:5      | Noticed a hound
    15 | D:5      | Noticed a worker ant
    89 | D:3      | Reached XP level 2. HP: 23/29 MP: 2/2
   394 | D:1      | Reached XP level 3. HP: 32/35 MP: 3/3
   779 | D:1      | Reached skill level 1 in Invocations
   826 | D:1      | Reached skill level 1 in Short Blades
   826 | D:1      | Reached skill level 1 in Long Blades
   826 | D:1      | Reached skill level 1 in Axes
   826 | D:1      | Reached skill level 1 in Polearms
   826 | D:1      | Reached skill level 1 in Staves
   826 | D:1      | Reached skill level 1 in Slings
   826 | D:1      | Reached skill level 1 in Bows
   826 | D:1      | Reached skill level 1 in Crossbows
   826 | D:1      | Reached skill level 1 in Throwing
   826 | D:1      | Reached skill level 1 in Armour
   826 | D:1      | Reached skill level 1 in Shields
   826 | D:1      | Reached skill level 1 in Unarmed Combat
   826 | D:1      | Reached skill level 1 in Spellcasting
   826 | D:1      | Reached skill level 1 in Evocations
  1040 | D:1      | Reached XP level 4. HP: 40/41 MP: 5/5
  1349 | D:2      | Noticed a centaur
  1370 | D:2      | Killed a centaur
  1371 | D:2      | Reached skill level 1 in Conjurations
  1371 | D:2      | Reached skill level 1 in Hexes
  1371 | D:2      | Reached skill level 1 in Summonings
  1371 | D:2      | Reached skill level 1 in Necromancy
  1371 | D:2      | Reached skill level 1 in Translocations
  1371 | D:2      | Reached skill level 1 in Transmutations
  1371 | D:2      | Reached skill level 1 in Fire Magic
  1371 | D:2      | Reached skill level 1 in Ice Magic
  1371 | D:2      | Reached skill level 1 in Air Magic
  1371 | D:2      | Reached skill level 1 in Earth Magic
  1371 | D:2      | Reached skill level 1 in Poison Magic
  1371 | D:2      | Reached XP level 5. HP: 29/47 MP: 5/7
  1995 | D:2      | Found a hide-covered altar of Uskayaw.
  1996 | D:2      | Found an opulent altar of Gozag.
  2156 | D:2      | Found a broken altar of Ashenzari.
  2440 | D:3      | Reached XP level 6. HP: 46/53 MP: 8/8
  2777 | D:3      | Found a blossoming altar of Fedhas.
  2913 | D:4      | Reached skill level 5 in Maces & Flails
  2913 | D:4      | Reached skill level 5 in Dodging
  3122 | D:4      | Found a stormy altar of Qazlal.
  3489 | D:4      | Noticed Grinder
  3502 | D:4      | Killed Grinder
  3503 | D:4      | Reached XP level 7. HP: 37/60 MP: 10/10
  4235 | D:5      | Reached skill level 10 in Stealth
  4235 | D:5      | Reached XP level 8. HP: 62/67 MP: 12/12
  5688 | D:6      | Noticed a cyclops
  5709 | D:6      | Killed a cyclops
  5710 | D:6      | Reached XP level 9. HP: 32/73 MP: 13/15
  6029 | D:7      | Found a runed translucent door.
  6030 | D:7      | Noticed Crazy Yiuf
  6111 | D:7      | Noticed Prince Ribbit
  6179 | D:7      | Found Dotiuhymn's General Store.
  6734 | D:7      | Killed Prince Ribbit
  7423 | D:7      | Found a staircase to the Ecumenical Temple.
  7436 | Temple   | Entered the Ecumenical Temple
  7571 | D:7      | Bought a potion of might for 48 gold pieces
  7571 | D:7      | Bought a box of beasts for 480 gold pieces
  7593 | D:7      | Noticed Harold
  7685 | D:7      | Found a basalt altar of Yredelemnul.
  7688 | D:7      | Found a shimmering blue altar of Sif Muna.
  7833 | D:7      | Reached skill level 5 in Invocations
  8489 | D:8      | Reached XP level 10. HP: 61/80 MP: 17/17
  8894 | D:8      | Reached skill level 5 in Short Blades
  8894 | D:8      | Reached skill level 5 in Long Blades
  8894 | D:8      | Reached skill level 5 in Axes
  8894 | D:8      | Reached skill level 5 in Polearms
  8894 | D:8      | Reached skill level 5 in Staves
  8894 | D:8      | Reached skill level 5 in Slings
  8894 | D:8      | Reached skill level 5 in Bows
  8894 | D:8      | Reached skill level 5 in Crossbows
  8894 | D:8      | Reached skill level 5 in Throwing
  8894 | D:8      | Reached skill level 5 in Armour
  8894 | D:8      | Reached skill level 5 in Shields
  8894 | D:8      | Reached skill level 5 in Unarmed Combat
  8894 | D:8      | Reached skill level 5 in Spellcasting
  8894 | D:8      | Reached skill level 5 in Evocations
  9623 | D:9      | HP: 4/82 [troll (9)]
  9623 | D:9      | Slain by a troll

Illustrated notes

Levels and vault maps discovered:
D:1:      dpeg_arrival_refuge, layout_basic, serial_corexii_hall,
          chequers_hall_statues_y, corexii_hall_statues_deadend,
          corexii_hall_statues_u, nrook_campfire, kennysheep_crisscross,
          minmay_domino_4
D:2:      lemuel_upstairs_altar, layout_loops_ring,
          gammafunk_temple_overflow_statue, kennysheep_decorative_pillar,
          minmay_circle_x
D:3:      layout_basic, grunt_ministairs_13, fedhas_altar_fruit_tree
D:4:      layout_loops_ring, grunt_qazlal_sundering, uniq_grinder
D:5:      layout_rooms
D:6:      layout_layer_cave
D:7:      minmay_polygon_palace, layout_cave_pools,
          nicolae_overflow_hidden_temple, minmay_temple_entry_butterflies,
          serial_shops, nicolae_shop_trees, uniq_prince_ribbit1,
          uniq_crazy_yiuf_cottage, uniq_harold
D:8:      layout_rooms
D:9:      layout_loops_ring, chequers_temple_overflow_statue_of_worship,
          lair_entry_dummy, serial_shops, shop, shop, shop, onia_ninara_cookie
Temple:   nicolae_temple_great_sept

Skill      XL: |  1  2  3  4  5  6  7  8  9 10 |
---------------+-------------------------------+-----
Stealth        | 10 | 10.8
Invocations    | 1 2 3 4 5 |  5.6
Short Blades   | 1 2 4 5 |  5.1
Long Blades    | 1 2 4 5 |  5.1
Axes           | 1 2 4 5 |  5.1
Polearms       | 1 2 4 5 |  5.1
Staves         | 1 2 4 5 |  5.1
Slings         | 1 2 4 5 |  5.1
Bows           | 1 2 4 5 |  5.1
Crossbows      | 1 2 4 5 |  5.1
Throwing       | 1 2 4 5 |  5.1
Armour         | 1 2 4 5 |  5.1
Shields        | 1 2 4 5 |  5.1
Unarmed Combat | 1 2 4 5 |  5.1
Spellcasting   | 1 2 4 5 |  5.1
Evocations     | 1 2 4 5 |  5.1
Conjurations   | 1 2 3 4 |  4.2
Hexes          | 1 2 3 4 |  4.2
Summonings     | 1 2 3 4 |  4.2
Necromancy     | 1 2 3 4 |  4.2
Translocations | 1 2 3 4 |  4.2
Transmutations | 1 2 3 4 |  4.2
Fire Magic     | 1 2 3 4 |  4.2
Ice Magic      | 1 2 3 4 |  4.2
Air Magic      | 1 2 3 4 |  4.2
Earth Magic    | 1 2 3 4 |  4.2
Poison Magic   | 1 2 3 4 |  4.2
Maces & Flails | 5 6 7 |  7.0
Dodging        | 5 6 7 |  7.0
Fighting       | 7 8 |  8.4

Action                   |  1- 3 |  4- 6 |  7- 9 | 10-12 || total
-------------------------+-------+-------+-------+-------++-------
Melee: Mace              |   113 |   223 |   308 |       ||   644
       Bite              |     8 |    24 |    59 |    16 ||   107
       Punch             |       |     2 |     4 |       ||     6
       Halberd           |       |       |   223 |   116 ||   339
Throw: Dart              |       |    12 |    26 |       ||    38
Evoke: Wand              |       |     6 |     1 |       ||     7
  Use: Scroll            |     2 |     2 |    12 |     2 ||    18
       Potion            |       |     1 |     3 |     3 ||     7
 Stab: Sleeping          |     7 |     5 |     1 |     1 ||    14
Armor: Leather armour    |    10 |       |       |       ||    10
       Ring mail         |    27 |       |       |       ||    27
       Chain mail        |     9 |   172 |   387 |    94 ||   662
Dodge: Dodged            |    64 |    79 |   402 |    86 ||   631

Table legend: (Time is in decaauts)
 A = Elapsed time spent in this place.
 B = Non-inter-level travel time spent in this place.
 C = Inter-level travel time spent in this place.
 D = Time resting spent in this place.
 E = Time spent auto-exploring this place.
 F = Levels seen in this place.
 G = Mean time per level.
                   A        B        C        D        E       F      G
               +--------+--------+--------+--------+--------+-----+--------+
         Total |   9763 |   9303 |    460 |   2369 |   4761 |  10 |  976.3 |
       Dungeon |   9678 |   9230 |    448 |   2369 |   4690 |   9 | 1075.3 |
        Temple |     84 |     72 |     12 |      0 |     71 |   1 |   84.0 |
               +--------+--------+--------+--------+--------+-----+--------+

Top non-repeatable levels by time:
     D:7: 1731 daAuts
     D:6: 1614 daAuts
     D:8: 1217 daAuts
     D:5: 1109 daAuts
     D:2: 1045 daAuts
     D:4: 949 daAuts
     D:1: 913 daAuts
     D:3: 901 daAuts
     D:9: 196 daAuts
  Temple: 84 daAuts
